 Dungeon Crawl Stone Soup version 0.25-a0-665-ga69d64035b (webtiles) character file.

Game seed: 12721234500616299044, levelgen mode: deterministic

24997 kae the Destroyer (level 13, -15/82 HPs)
             Began as a Tengu Air Elementalist on Mar 26, 2020.
             Was an Elder of Vehumet.
             Demolished by a polar bear (25 damage)
             ... in an ice cave.
             The game lasted 00:31:12 (22871 turns).

kae the Destroyer (Tengu Air Elementalist)         Turns: 22871, Time: 00:31:12

Health: -15/82     AC: 10    Str:  8    XL:     13   Next: 16%
Magic:  0/28       EV: 20    Int: 21    God:    Vehumet [****..]
Gold:   764        SH:  0    Dex: 15    Spells: 18/33 levels left

rFire    + . .     SeeInvis .   h - +4 whip (freeze)
rCold    + . .     Gourm    .   (no shield)
rNeg     . . .     Faith    .   f - +2 robe {rC+}
rPois    +         Spirit   +   (helmet restricted)
rElec    .         Reflect  .   o - +0 cloak of Soanakicw {rPois rF+ MR++} (curse)
rCorr    .         Harm     .   i - +0 pair of gloves
MR       +++..                  (boots unavailable)
Stlth    ++........             d - amulet of guardian spirit
HPRegen  0.23/turn              m - ring of protection from magic
MPRegen  0.21/turn              (no ring)

@: flying quickly and evasively, invisible, quick
A: beak, talons 3, thin metallic scales 1, yellow scales 1, wild magic 1, no
potion heal 1, able to fly
a: Stop Flying, Renounce Religion


You were in an ice cave.
You worshipped Vehumet.
Vehumet was greatly pleased with you.
You were very hungry.

You visited 3 branches of the dungeon, and saw 14 of its levels.
You also visited: Ice Cave and Volcano.

You collected 764 gold pieces.

Inventory:

Hand Weapons
 h - a +4 whip of freezing (weapon)
Armour
 f - a +2 robe of cold resistance (worn)
 i - a +0 pair of gloves (worn)
 o - the cursed +0 cloak of Soanakicw (worn) {rPois rF+ MR++}
   (You found it on level 6 of the Dungeon)

   It protects you from fire.
   It protects you from poison.
   It affects your resistance to hostile enchantments.
   It has a curse placed upon it.
 r - +1 acid dragon scales
 y - the cursed +0 robe of the Cobbler {rElec}
   (You found it in a volcano)

   It insulates you from electricity.
   It has a curse placed upon it.
Jewellery
 d - an amulet of guardian spirit (around neck)
 m - a ring of protection from magic (left hand)
 n - an uncursed ring of fire
Wands
 l - a wand of digging (1)
 s - a wand of acid (6)
 t - a wand of random effects (32)
 v - a wand of paralysis (9)
Scrolls
 b - 4 scrolls of teleportation
 g - 5 scrolls of identify
 k - 4 scrolls of remove curse
 p - 2 scrolls of amnesia
 q - 2 scrolls of fog
 x - a scroll of magic mapping
Potions
 a - 4 potions of stabbing
 e - a potion of haste
 j - 2 potions of might
 w - a potion of lignification
 A - 2 potions of resistance
 C - a potion of mutation
Comestibles
 c - 21 rations


   Skills:
 - Level 10.0 Fighting
 - Level 7.1 Dodging
 - Level 2.0 Stealth
 + Level 10.5 Spellcasting
 + Level 13.6 Conjurations
 + Level 13.5 Air Magic


You had 18 spell levels left.
You knew the following spells:

 Your Spells              Type           Power        Failure   Level  Hunger
a - Shock                 Conj/Air       ####         1%          1    None
b - Static Discharge      Conj/Air       ######..     1%          3    None
c - Airstrike             Air            ######....   1%          4    ##.....
d - Swiftness             Chrm/Air       ######..     1%          2    None
e - Lightning Bolt        Conj/Air       ######....   1%          5    ####...

Your spell library contained the following spells:

 Spells                   Type           Power        Failure   Level  Hunger
 Sticky Flame             Conj/Fire      ######..     1%          4    ##.....
 Corpse Rot               Necr/Air       N/A          1%          2    None
 Dazzling Flash           Conj/Hex       ######       1%          3    None
 Corona                   Hex            ##.....      10%         1    None
 Ensorcelled Hibernation  Hex/Ice        ##....       14%         2    None
 Sublimation of Blood     Necr           ##........   14%         2    None
 Confusing Touch          Hex            ##......     26%         3    None
 Tukima's Dance           Hex            ##......     26%         3    None
 Dispel Undead            Necr           ##......     61%         4    ##.....
 Agony                    Necr           ##......     90%         5    ####...
 Excruciating Wounds      Chrm/Necr      ##........   90%         5    ####...


Dungeon Overview and Level Annotations

Branches:
Dungeon (10/15)            Temple (1/1) D:4            Lair (3/6) D:10
    Orc (0/2) D:10          IceCv (1/1)             Volcano (visited)
  Swamp: Lair:2-4    Shoals: Lair:2-4     Snake: Lair:2-4    Spider: Lair:2-4

Altars:
Ashenzari
Cheibriados
Dithmenos
Elyvilon
Fedhas
Gozag
Hepliaklqana
Kikubaaqudgha
Makhleb
Nemelex Xobeh
Okawaru
Qazlal
Ru
Sif Muna
Trog
Uskayaw
Vehumet
Wu Jian
Xom
Yredelemnul
Zin
The Shining One

Shops:
D:6 %

Annotations:
D:2 exclusion: sky beast
D:3 1 runed translucent door, Crazy Yiuf
D:4 exclusion: 2 slaves
D:5 Eustachio
D:7 3 runed translucent doors, liluieth's ghost, novice DECj


Innate Abilities, Weirdness & Mutations

You have a beak for a mouth.
You have claws for feet.
You can fly continuously.
You are partially covered in thin metallic scales. (AC +2)
You are partially covered in yellow scales. (AC +2)
Your spells are a little harder to cast, but a little more powerful.
Potions are less effective at restoring your health.


Message History

Confirm with . or Enter, or press ? or * to list all spells.
Aiming: Airstrike (safe; 1% risk of failure)
Press: ? - help, Dir - move target cursor, f/p - polar bear
Aim: a polar bear (severely wounded, berserk, fast, unusually strong)
The air twists around and strikes the polar bear!
The polar bear is almost dead.
The polar bear bites you!
* * * LOW HITPOINT WARNING * * *
The polar bear claws you but does no damage.
The polar bear barely misses you.
Casting: Airstrike (safe; 1% risk of failure)
Confirm with . or Enter, or press ? or * to list all spells.
You don't have enough magic to cast that spell.
Okay, then.
Okay, then.
You fade into invisibility!
The polar bear misses you.
The polar bear claws you but does no damage.
The polar bear misses you. The polar bear bites you!!
You die...

.# ###. ...
#h. YY h#
##h# #@####
#.##.##
#..#..####
#.#......##
##.##.....##
##.##.##..#
#######..#
##.####.#
#....#..#


You could see a polar bear (berserk), 2 yaks and 2 wolves.

Vanquished Creatures
  A red draconian (Volcano)
  3 hydras
  A centaur warrior (Volcano)
  3 two-headed ogres (D:9)
  Pikel (D:4)
  An oklob plant (D:6)
  7 elephants (Lair:2)
  An ice statue (IceCv)
  3 spiny frogs
  A black mamba (Lair:1)
  Maggie (D:6)
  2 yaktaurs (Volcano)
  2 polar bears (IceCv)
  A troll (D:10)
  6 blink frogs
  Grinder (D:5)
  4 hippogriffs
  Sigmund (D:4)
  A spriggan (D:8)
  2 wyverns
  2 basilisks
  11 yaks
  2 hungry ghosts
  Menkaure (D:6)
  Edmund (D:4)
  4 orc warriors
  4 water moccasins
  2 sky beasts
  3 porcupines
  3 black bears
  A slave (D:4)
  An eye of draining (D:9)
  A phantom (D:5)
  11 ice beasts
  17 wolves
  A necrophage (D:10)
  6 ogres
  6 centaurs
  5 crocodiles
  Blork the orc (D:5)
  13 bullfrogs
  A wyvern skeleton (D:9)
  2 scorpions
  A water moccasin skeleton (D:5)
  15 killer bees (D:9)
  2 electric eels
  A centaur zombie (D:9)
  2 crimson imps
  2 jellies
  A quasit (D:10)
  10 hounds
  An orc priest (D:4)
  A bullfrog skeleton (D:5)
  3 iguanas
  7 orc wizards
  10 worker ants
  A hound zombie (D:5)
  2 hound skeletons
  Robin (D:4)
  A howler monkey skeleton (D:10)
  7 adders
  3 shadow imps
  2 oozes (D:1)
  An adder skeleton (D:3)
  2 worms
  11 dart slugs
  4 leopard geckos
  41 orcs
  5 giant cockroaches
  14 goblins
  14 hobgoblins
  4 jackals
  6 kobolds (D:1)
  9 quokkas
  A ball python (D:2)
  6 bats
  5 frilled lizards
  8 rats
  A fungus (Lair:2)
347 creatures vanquished.

Vanquished Creatures (others)
  A yaktaur (Volcano)
  A yak (IceCv)
  A wolf (IceCv)
  A centaur (Volcano)
  A fungus (D:7)
  A plant (D:7)
6 creatures vanquished.

Grand Total: 353 creatures vanquished

Notes
Turn   | Place    | Note
-------+----------+-------------------------------------------
     0 | D:1      | kae the Tengu Air Elementalist began the quest for the Orb.
     0 | D:1      | Reached XP level 1. HP: 10/10 MP: 4/4
   100 | D:1      | Reached XP level 2. HP: 7/15 MP: 0/6
   343 | D:1      | Reached XP level 3. HP: 12/19 MP: 0/7
  1342 | D:2      | Reached XP level 4. HP: 21/24 MP: 2/8
  1739 | D:2      | Noticed a sky beast
  1745 | D:2      | Learned a level 3 spell: Static Discharge
  2551 | D:3      | Reached skill level 5 in Conjurations
  2551 | D:3      | Gained mutation: You can fly continuously. [Tengu growth]
  2551 | D:3      | Reached XP level 5. HP: 8/28 MP: 1/9
  2920 | D:3      | Reached skill level 5 in Air Magic
  3075 | D:3      | Noticed an ogre
  3086 | D:3      | Killed an ogre
  3166 | D:3      | Found a runed translucent door.
  3167 | D:3      | Noticed Crazy Yiuf
  3223 | D:3      | Found a glowing golden altar of the Shining One.
  3376 | D:3      | Learned a level 4 spell: Airstrike
  3538 | D:4      | Reached XP level 6. HP: 32/32 MP: 0/11
  4015 | D:4      | Found a staircase to the Ecumenical Temple.
  4039 | Temple   | Entered the Ecumenical Temple
  4152 | Temple   | Became a worshipper of Vehumet
  4382 | D:4      | Noticed Pikel
  4382 | D:4      | Noticed a slave
  4382 | D:4      | Noticed a slave
  4395 | D:4      | Noticed Sigmund
  4693 | D:4      | Noticed Edmund
  4911 | D:4      | Noticed a slave
  4937 | D:4      | Reached XP level 7. HP: 32/36 MP: 2/12
  5247 | D:4      | HP: 1/36 [poisoned by Edmund]
  5586 | D:4      | Learned a level 2 spell: Swiftness
  5602 | D:4      | Killed Edmund
  5724 | D:4      | Killed Sigmund
  6012 | D:4      | Noticed Robin
  6025 | D:4      | Killed Robin
  6120 | D:4      | Killed Pikel
  6120 | D:4      | Reached XP level 8. HP: 9/41 MP: 0/15
  6516 | D:5      | Entered Level 5 of the Dungeon
  6719 | D:5      | Reached * piety under Vehumet
  6719 | D:5      | Offered knowledge of Freeze by Vehumet.
  6914 | D:5      | Noticed Blork the orc
  6923 | D:5      | Killed Blork the orc
  6991 | D:5      | Found a shimmering blue altar of Sif Muna.
  7026 | D:5      | Noticed Eustachio
  7531 | D:5      | Noticed Grinder
  7534 | D:5      | Killed Grinder
  7534 | D:5      | Reached skill level 10 in Conjurations
  7534 | D:5      | Reached XP level 9. HP: 45/45 MP: 5/17
  7665 | D:5      | Reached skill level 10 in Air Magic
  7778 | D:6      | Found Xaviahik's Food Shoppe.
  7915 | D:6      | Reached skill level 5 in Spellcasting
  7959 | D:6      | Found an opulent altar of Gozag.
  7959 | D:6      | Noticed an oklob plant
  8275 | D:6      | Killed an oklob plant
  8868 | D:6      | Noticed Maggie
  8881 | D:6      | Gained mutation: Your spells are a little harder to cast,
                  | but a little more powerful. [potion of mutation]
  8881 | D:6      | Gained mutation: Potions are less effective at restoring
                  | your health. [potion of mutation]
  8881 | D:6      | Gained mutation: You are partially covered in thin metallic
                  | scales. (AC +2) [potion of mutation]
  8881 | D:6      | Gained mutation: You are partially covered in yellow
                  | scales. (AC +2) [potion of mutation]
  9191 | D:6      | Got a bloodstained cloak
  9201 | D:6      | Identified the cursed +0 cloak of Soanakicw {rPois rF+
                  | MR++} (You found it on level 6 of the Dungeon)
  9253 | D:6      | Noticed Menkaure
  9256 | D:6      | Killed Menkaure
  9438 | D:6      | Killed Maggie
  9438 | D:6      | Reached XP level 10. HP: 21/50 MP: 2/19
 10025 | D:7      | Reached ** piety under Vehumet
 10025 | D:7      | Offered knowledge of Searing Ray by Vehumet.
 10096 | D:7      | Reached skill level 1 in Fighting
 10530 | D:7      | Found a runed translucent gate.
 10750 | D:7      | Found a runed translucent gate.
 10751 | D:7      | Found a runed translucent gate.
 10759 | D:7      | Noticed a kobold demonologist
 10759 | D:7      | Noticed liluieth's ghost (novice DECj)
 11513 | D:9      | Noticed a two-headed ogre
 11939 | D:9      | Noticed a two-headed ogre
 12092 | D:9      | Found a glowing golden altar of the Shining One.
 12539 | D:9      | Offered knowledge of Frozen Ramparts by Vehumet.
 12539 | D:9      | Reached skill level 5 in Fighting
 12698 | D:9      | Reached XP level 11. HP: 64/64 MP: 13/23
 12767 | D:9      | Killed a two-headed ogre
 13079 | D:9      | Reached *** piety under Vehumet
 13186 | D:9      | Noticed a two-headed ogre
 13199 | D:9      | Killed a two-headed ogre
 13308 | D:9      | Killed a two-headed ogre
 13570 | D:10     | Entered Level 10 of the Dungeon
 13572 | D:10     | Found a staircase to the Orcish Mines.
 13840 | D:9      | Offered knowledge of Ignite Poison by Vehumet.
 15438 | D:10     | Reached skill level 10 in Fighting
 15502 | D:10     | Found a staircase to the Lair.
 15718 | D:10     | Reached **** piety under Vehumet
 15976 | Lair:1   | Entered Level 1 of the Lair of Beasts
 16387 | Lair:1   | Reached skill level 5 in Dodging
 16388 | Lair:1   | Reached XP level 12. HP: 23/77 MP: 3/25
 17028 | Lair:1   | Noticed a seven-headed hydra
 17039 | Lair:1   | Killed a seven-headed hydra
 17313 | Lair:1   | Learned a level 5 spell: Lightning Bolt
 17413 | Lair:2   | Found a dark tunnel.
 17422 | Volcano  | Entered a volcano
 17476 | Volcano  | Noticed a red draconian
 17861 | Volcano  | Killed a red draconian
 18044 | Volcano  | Noticed a centaur warrior
 18060 | Volcano  | Killed a centaur warrior
 18264 | Volcano  | Got a distressingly furry robe
 18392 | Volcano  | Identified the cursed +0 robe of the Cobbler {rElec} (You
                  | found it in a volcano)
 19448 | Lair:2   | Noticed a six-headed hydra
 19453 | Lair:2   | Killed a six-headed hydra
 19453 | Lair:2   | Offered knowledge of Sticky Flame by Vehumet.
 19453 | Lair:2   | Reached skill level 10 in Spellcasting
 19646 | Lair:2   | Noticed a six-headed hydra
 19656 | Lair:2   | Killed a six-headed hydra
 21736 | Lair:3   | Reached XP level 13. HP: 70/82 MP: 9/28
 21931 | Lair:3   | Found a frozen archway.
 22112 | IceCv    | Entered an ice cave
 22871 | IceCv    | Demolished by a polar bear

Levels and vault maps discovered:
D:1:      zaba_arrival_water, layout_rooms
D:2:      layout_basic, minivault_19
D:3:      layout_basic, st_stairs_13, tso_altar, uniq_crazy_yiuf_cottage
D:4:      kennysheep_slugbush, layout_basic,
          minmay_temple_entry_statues_fountains, uniq_sigmund, uniq_pikel,
          uniq_robin, uniq_edmund
D:5:      layout_basic, tgw_sif, first_ration, uniq_eustachio, uniq_grinder
D:6:      layout_basic, serial_shops, shop, lemuel_oklob_altar, uniq_menkaure,
          uniq_maggie
D:7:      cheibrodos_helix_gallery, layout_basic, gammafunk_ghost_nasty_kobolds
D:8:      cheibrodos_iron_armory, layout_rooms, the_bakery
D:9:      layout_irregular_city, st_stairs_6, minmay_ruined_shrine
D:10:     layout_basic, erik_lair_island, orc_0_dummy
Temple:   kilobyte_greek_temple
Lair:1:   layout_cave_pods
Lair:2:   layout_cave_pods, nicolae_volcano_entry_two_sided,
          minmay_shattered_shrine
Lair:3:   layout_misc_corridors, elwin_shoals_entry_stream,
          portal_ice_cave_entry_ice_beasts, nicolae_quartered_pool_little
IceCv:    ice_cave_caverns_02

Skill      XL: |  1  2  3  4  5  6  7  8  9 10 11 12 |
---------------+-------------------------------------+-----
Conjurations   | 2 3 4 5 6 8 10 11 12 13 | 13.6
Air Magic      | 5 6 8 9 11 12 13 | 13.5
Spellcasting   | 3 4 5 7 8 10 | 10.5
Fighting       | 5 10 | 10.0
Dodging        | 5 7 |  7.1
Stealth        | |  2.0

Action                   |  1- 3 |  4- 6 |  7- 9 | 10-12 | 13-15 || total
-------------------------+-------+-------+-------+-------+-------++-------
Melee: Unarmed           |    11 |       |       |       |       ||    11
       Peck              |     4 |     1 |     8 |    19 |     5 ||    37
       Kick              |     7 |     4 |    16 |    21 |    10 ||    58
       Hand axe          |    10 |       |       |       |       ||    10
       Whip              |    12 |    19 |    64 |    86 |    47 ||   228
 Cast: Shock             |    56 |   134 |   175 |   433 |    30 ||   828
       Static Discharge  |       |     6 |     8 |   106 |     8 ||   128
       Airstrike         |       |     1 |    32 |   114 |    21 ||   168
 Abil: Fly               |       |       |     1 |       |       ||     1
Evoke: Wand              |       |       |       |       |     1 ||     1
  Use: Scroll            |     5 |    10 |     4 |    13 |     2 ||    34
       Potion            |       |     2 |     3 |     5 |     2 ||    12
 Stab: Sleeping          |     1 |     2 |     1 |     3 |       ||     7
       Distracted        |     1 |       |       |       |       ||     1
  Eat: Chunk             |     2 |     9 |    13 |    46 |     4 ||    74
       Ration            |       |     1 |     2 |       |       ||     3
Armor: Robe              |    12 |     2 |    18 |   103 |    24 ||   159
       Skin              |       |       |       |     9 |       ||     9
Dodge: Dodged            |    38 |    14 |    73 |   398 |    90 ||   613

Table legend:
 A = Non-vault XP
 B = Vault XP
 C = Vault XP percentage of total XP
 D = Non-vault monster count
 E = Vault monster count
 F = Vault count percentage of total count
                 A         B        C        D         E       F
            +---------+---------+-------+---------+---------+-------
      Total |   21183 |   14528 |  40.7 |     271 |      74 |  21.4
            +---------+---------+-------+---------+---------+-------
        D:1 |      56 |       0 |   0.0 |      28 |       0 |   0.0
        D:2 |      77 |       0 |   0.0 |      26 |       0 |   0.0
        D:3 |     158 |       3 |   1.9 |      12 |       2 |  14.3
        D:4 |     299 |    1040 |  77.7 |      20 |      21 |  51.2
        D:5 |     639 |     368 |  36.5 |      24 |       2 |   7.7
        D:6 |    1164 |    1120 |  49.0 |      25 |       3 |  10.7
        D:7 |    1224 |     158 |  11.4 |      22 |       2 |   8.3
        D:8 |     549 |     256 |  31.8 |       5 |       2 |  28.6
        D:9 |    4435 |    2238 |  33.5 |      45 |       7 |  13.5
       D:10 |    1690 |     923 |  35.3 |      18 |       9 |  33.3
     Lair:1 |    3970 |       0 |   0.0 |      17 |       0 |   0.0
     Lair:2 |    5462 |    2827 |  34.1 |      23 |       5 |  17.9
     Lair:3 |    1460 |    1062 |  42.1 |       6 |       8 |  57.1
      IceCv |       0 |    1707 | 100.0 |       0 |       9 | 100.0
    Volcano |       0 |    2826 | 100.0 |       0 |       4 | 100.0
            +---------+---------+-------+---------+---------+-------
